 Dungeon Crawl Stone Soup version 0.31.0-11-ge490571c62 (webtiles) character file.

Game seed: 17244871337437139731

359 qw the Skirmisher (level 6, -3/35 HPs)
             Began as a Deep Elf Hunter on Feb 5, 2024.
             Was an Initiate of Okawaru.
             Slain by a gnoll
             ... wielding a +0 spear
              (7 damage)
             ... on level 4 of the Dungeon.
             The game lasted 00:01:02 (2935 turns).

qw the Skirmisher (Deep Elf Hunter)                 Turns: 2935, Time: 00:01:03

Health: -3/35      AC: 10    Str: 10    XL:     6   Next: 37%
Magic:  8/8        EV: 11    Int: 14    God:    Okawaru [......]
Gold:   309        SH:  0    Dex: 18    Spells: 5/5 levels left

rFire   . . .        a - +1 shortbow
rCold   . . .        (shield currently unavailable)
rNeg    . . .        c - +3 ring mail
rPois   +            (no helmet)
rElec   .            g - +0 cloak
rCorr   .            (no gloves)
SInv    .            h - +0 pair of boots
Will    .....        (no amulet)
Stlth   +            i - ring of poison resistance
HPRegen 0.25/turn    (no ring)
MPRegen 0.11/turn

%: no passive effects
@: no status effects
A: no striking features
a: Renounce Religion


You were on level 4 of the Dungeon.
You worshipped Okawaru.
Okawaru was noncommittal.
You visited 2 branches of the dungeon, and saw 5 of its levels.

You collected 309 gold pieces.


   Skills:
 - Level 2.1 Fighting
 + Level 9.3 Ranged Weapons
 - Level 1.7 Armour
 - Level 2.4 Dodging
 - Level 1.2 Stealth


You had 5 spell levels left.
You didn't know any spells.
Your spell library was empty.

Inventory:

Hand Weapons
 a - a +1 shortbow (weapon)
Armour
 c - a +3 ring mail (worn)
 g - a +0 cloak (worn)
 h - a +0 pair of boots (worn)
Jewellery
 i - a ring of poison resistance (left hand)
Potions
 b - a potion of enlightenment
 d - 3 potions of attraction {unknown}
 f - 2 potions of mutation
 j - a potion of might {unknown}

Dungeon Overview and Level Annotations

Branches:
Dungeon (4/15)             Temple (1/1) D:4

Altars:
Ashenzari
Cheibriados
Dithmenos
Elyvilon
Fedhas
Gozag
Kikubaaqudgha
Makhleb
Nemelex Xobeh
Okawaru
Qazlal
Ru
Sif Muna
Uskayaw
Vehumet
Wu Jian
Xom
Yredelemnul
Zin
The Shining One

Annotations:
D:3 3 runed translucent doors, qw's ghost, amateur SpHu


Message History

Enter note: You shoot an arrow.
The gnoll shouts!
The arrow hits the ogre!
The ogre is moderately wounded.
A gnoll comes into view. It is wielding a +0 spear.
You shoot an arrow. The gnoll shouts!
The arrow hits the ogre.
The ogre is moderately wounded.
A gnoll comes into view. It is wielding a +0 spear.
You shoot an arrow. The gnoll shouts!
The arrow hits the ogre.
The ogre is moderately wounded.
Enter note:
Enter note:
Enter note: You shoot an arrow.
The arrow hits the ogre!
The ogre is heavily wounded.
You shoot an arrow. The arrow hits the ogre!
The ogre is severely wounded.
The gnoll closely misses you. The gnoll misses you.
The ogre hits you with a +0 giant club!!
Ouch! That really hurt!
You shoot an arrow. The arrow hits the ogre!
You kill the ogre!
Okawaru accepts your kill.
The gnoll hits you from afar with a +0 halberd of pain.
Your Armour skill increases to level 1!
You shoot an arrow. The arrow hits the gnoll.
The gnoll is heavily wounded.
The gnoll hits you from afar with a +0 halberd of pain.
You shoot an arrow. The arrow hits the gnoll.
The gnoll is heavily wounded.
The gnoll hits you but does no damage. The gnoll barely misses you.
You shoot an arrow. The arrow hits the gnoll.
The gnoll is almost dead.
The gnoll hits you from afar with a +0 spear!
You die...

###.....# #############
##...####### #...........#
.#####8...8#####.........#
.#...#.....#...#.........#
...8....>....8...........#######.
.#...#.....#.^.#.................
######8...8#####.........#######.
## ####### #...#........# #. .#
#@#.###......# #. .#
#)#...#.###..# #. .##########
gg#...#.# #..####. ..........#
..g#####.# #.....#. .########.#
....#.....# #.###.#. .# #.#
#....#.#######.# #.#. .# #.#
.....#.##......# #.#. .#
#.###...##.##.########... ## #.#
#.##.# #......


You could see 3 gnolls.

Vanquished Creatures
  An ogre (D:4)
  2 hounds (D:4)
  Jessica (D:2)
  2 iguanas (D:4)
  4 gnolls
  4 adders
  An adder zombie (D:2)
  2 dart slugs (D:3)
  A ribbon worm (D:3)
  An orc (D:3)
  10 endoplasms
  6 giant cockroaches
  3 goblins
  7 hobgoblins
  2 quokkas (D:1)
  A ball python (D:2)
  A ball python skeleton (D:2)
  2 ball python zombies (D:2)
  2 bats
  A frilled lizard (D:3)
  4 kobolds
  3 rats
61 creatures vanquished.

Notes
Turn   | Place    | Note
-------+----------+-------------------------------------------
     0 | D:1      | qw the Deep Elf Hunter began the quest for the Orb.
     0 | D:1      | Reached XP level 1. HP: 12/12 MP: 3/3
     0 | D:1      | 0 ||| qw: Version: 0.3-a-160-g6735b56
     0 | D:1      | 0 ||| qw: Game counter: 6507
     0 | D:1      | 0 ||| qw: Melee chars always use a shield: true
     0 | D:1      | 0 ||| qw: God list: Okawaru
     0 | D:1      | 0 ||| qw: Allow faded altars: false
     0 | D:1      | 0 ||| qw: Do Orc after clearing Dungeon:15 true
     0 | D:1      | 0 ||| qw: Do second Lair branch before Depths: true
     0 | D:1      | 0 ||| qw: Lair rune preference: random
     0 | D:1      | 0 ||| qw: Goals: Normal
     0 | D:1      | 0 ||| PLANNING D:1-11
   372 | D:1      | Reached XP level 2. HP: 16/16 MP: 4/4
   396 | D:1      | Reached skill level 6 in Ranged Weapons
   759 | D:1      | 759 ||| UPGRADING to +0 scale mail.
   769 | D:1      | 769 ||| DROPPING +0 leather armour.
   770 | D:1      | 770 ||| READING scroll labelled SEFECUMPELUD.
   771 | D:1      | 771 ||| DROPPING scroll of butterflies.
   783 | D:2      | Found a faded altar of an unknown god.
   791 | D:2      | 791 ||| STAIRDANCE
  1002 | D:2      | Noticed Jessica
  1007 | D:2      | Killed Jessica
  1008 | D:2      | Reached skill level 7 in Ranged Weapons
  1008 | D:2      | Reached XP level 3. HP: 18/20 MP: 5/5
  1206 | D:2      | Reached XP level 4. HP: 18/25 MP: 6/6
  1412 | D:2      | 1412 ||| UPGRADING to +3 ring mail.
  1422 | D:2      | 1422 ||| DROPPING +0 scale mail.
  1423 | D:2      | 1423 ||| READING 3 scrolls of identify.
  1423 | D:2      | 1423 ||| IDENTIFYING coppery potion
  1424 | D:2      | 1424 ||| READING 2 scrolls of identify.
  1424 | D:2      | 1424 ||| IDENTIFYING white potion
  1425 | D:2      | 1425 ||| READING scroll of identify.
  1425 | D:2      | 1425 ||| IDENTIFYING 2 glowing green potions
  1426 | D:2      | 1426 ||| READING scroll labelled COEBLEJOEQO.
  1427 | D:2      | 1427 ||| READING scroll labelled UZYW OCHOTATEYS.
  1428 | D:2      | 1428 ||| READING scroll labelled ZET DURAYQEOBI.
  1433 | D:2      | 1433 ||| DROPPING potion of invisibility.
  1434 | D:2      | 1434 ||| DROPPING 2 potions of degeneration.
  1503 | D:3      | Reached skill level 8 in Ranged Weapons
  1607 | D:3      | Found a glowing golden altar of the Shining One.
  1737 | D:3      | Found a hide-covered altar of Uskayaw.
  1768 | D:3      | Reached XP level 5. HP: 29/29 MP: 7/7
  1987 | D:3      | Found a runed translucent gate.
  1987 | D:3      | Found a runed translucent gate.
  1987 | D:3      | Found a runed translucent gate.
  1988 | D:3      | Found an opulent altar of Gozag.
  1990 | D:3      | Noticed qw's ghost (amateur SpHu)
  1993 | D:3      | 1993 ||| UPGRADING to ring of poison resistance.
  1994 | D:3      | 1994 ||| READING scroll of identify.
  1994 | D:3      | 1994 ||| IDENTIFYING metallic orange potion
  1995 | D:3      | 1995 ||| READING scroll labelled QECIENY SARA.
  1996 | D:3      | 1996 ||| DRINKING 2 bubbling coppery potions.
  1997 | D:3      | 1997 ||| DROPPING potion of magic.
  2180 | D:4      | HP: 3/29 [iguana (10)]
  2305 | D:4      | Reached skill level 9 in Ranged Weapons
  2524 | D:4      | 2524 ||| RETREEEEATING.
  2525 | D:4      | 2525 ||| RETREEEEATING.
  2526 | D:4      | 2526 ||| RETREEEEATING.
  2527 | D:4      | 2527 ||| RETREEEEATING.
  2529 | D:4      | 2529 ||| RETREEEEATING.
  2548 | D:4      | Reached XP level 6. HP: 19/35 MP: 8/8
  2709 | D:4      | Found a staircase to the Ecumenical Temple.
  2710 | D:4      | 2710 ||| PLANNING TEMPLE
  2710 | D:4      | 2710 ||| UPGRADING to +0 cloak.
  2715 | D:4      | 2715 ||| UPGRADING to +0 pair of boots.
  2720 | D:4      | 2720 ||| READING scroll labelled NUYGUO ZANOBBY.
  2720 | D:4      | 2720 ||| ENCHANTING +0 shortbow.
  2729 | Temple   | Entered the Ecumenical Temple
  2730 | Temple   | 2730 ||| PLANNING OKAWARU WORSHIP
  2753 | Temple   | Became a worshipper of Warmaster Okawaru
  2754 | Temple   | 2754 ||| PLANNING D:1-11
  2932 | D:4      | HP: 8/35 [gnoll/+0 halberd of pain (6)]
  2933 | D:4      | Reached skill level 1 in Armour
  2933 | D:4      | HP: 3/35 [gnoll/+0 halberd of pain (5)]
  2935 | D:4      | Slain by a gnoll

Levels and vault maps discovered:
D:1:      minmay_arrival_glassed_features, layout_loops_ring,
          hangedman_feature_mirror, corexii_corridor_pit, minmay_distorted
D:2:      layout_loops_ring, serial_undead, serial_undead_e, serial_undead_a,
          serial_undead_e, serial_undead_b, chequers_ecumenical_altar_simple,
          uniq_jessica
D:3:      layout_rooms, nicolae_uskayaw_dance_hall, tso_altar,
          ebering_ghost_gozag
D:4:      layout_basic, minmay_temple_entry_antechambers, cheibrodos_gnoll_hut
Temple:   nicolae_temple_bog_church

Skill      XL: |  1  2  3  4  5  6 |
---------------+-------------------+-----
Ranged Weapons | 7 8 9 |  9.3
Fighting       | 2 |  2.1
Armour         | 1 |  1.7
Dodging        | |  2.4
Stealth        | |  1.2

Action                     |  1- 3 |  4- 6 || total
---------------------------+-------+-------++-------
   Fire: Shortbow          |    83 |   146 ||   229
    Use: Scroll            |     1 |     9 ||    10
         Potion            |       |     1 ||     1
 Armour: Leather armour    |     4 |       ||     4
         Scale mail        |    23 |     6 ||    29
         Ring mail         |       |    40 ||    40
  Dodge: Dodged            |    33 |    36 ||    69

Table legend:
 A = Non-vault XP
 B = Vault XP
 C = Vault XP percentage of total XP
 D = Non-vault monster count
 E = Vault monster count
 F = Vault count percentage of total count
                 A         B        C        D         E       F
            +---------+---------+-------+---------+---------+-------
      Total |     363 |     150 |  29.2 |      50 |      11 |  18.0
            +---------+---------+-------+---------+---------+-------
        D:1 |      22 |       6 |  21.4 |      12 |       3 |  20.0
        D:2 |      30 |      45 |  60.0 |      11 |       5 |  31.2
        D:3 |     117 |       0 |   0.0 |      23 |       0 |   0.0
        D:4 |     194 |      99 |  33.8 |       4 |       3 |  42.9
            +---------+---------+-------+---------+---------+-------
